Match 46225716
Unlisted

Match 46225716
End
Vickers Machine Gun Team
Vickers Machine Gun Team
Royal Engineer Section
Construct Section Command Post
Infantry Section
Dingo Light Scout Car
Grenade Package
Construct Field Infirmary
Selects Australian Defense Battlegroup
Selects Australian Light Infantry Section
Selects Defensive Tactics
Infantry Section
Infantry Section
Construct Platoon Command Post
Humber Armored Car
Australian Light Infantry Section
Unlock M3 Stuart Light Tanks
M3 Stuart Light Tank
Royal Engineer Section
Selects CMP 15cwt Supply Run
Selects Artillery Trip Wire Flares
Selects Charged Creeping Barrage
Charged Creeping Barrage
Unlock Bishop Self-propelled Artillery
Bishop Self-propelled Artillery
CMP 15cwt Supply Run
Vickers Machine Gun Team
Royal Engineer Section
Charged Creeping Barrage
Australian Light Infantry Section
Construct Company Command Post
Matilda II Heavy Tank
Charged Creeping Barrage
DANGER CLOSE
Vacx
0
0

Comments sign in to comment!

No comments posted yet!